Map: Rhoskallian EE

Players

MrFercho - Winner!

  • Race: Zerg Zerg
  • League: Silver
  • Spawn Location: 5:00

tigro - Winner!

  • Race: Terran Terran
  • Spawn Location: 6:00

llllllllll

  • Race: Zerg Zerg
  • Spawn Location: 12:00

InvalidUsern

  • Race: Terran Terran
  • Spawn Location: 11:00

VOD

Have the link to the VOD?

Description

Time

  • Played on: May 15, 2020, 8:05 p.m.
  • Length: 24:09
Show
View Real Time Build Order
Export as new Build Order

MrFercho Zerg - Winner!

Build Orders: Pool First 

Get SALT Encoding   

  12  0:01  Drone  
  13  0:14  Overlord  
  13  0:21  Drone  
  14  0:30  Extractor, Drone  
  14  0:34  Extractor, Drone  
  14  0:39  Drone  
  15  0:52  Drone  
  16  0:58  Drone  
  17  1:06  Spawning Pool  
  17  1:09  Drone  
  17  1:23  Drone  
  18  1:43  Drone x2  
  20  1:57  Drone  
  20  2:00  Metabolic Boost  
  21  2:03  Drone  
  22  2:09  Hatchery  
  22  2:13  Drone  
  22  2:24  Overlord  
  22  2:42  Queen, Drone  
  25  2:49  Roach Warren  
  24  2:52  Baneling Nest  
  24  2:55  Drone  
  24  3:02  Drone  
  25  3:19  Lair  
  25  3:24  Zergling x4  
  27  3:31  Queen  
  29  3:36  Zergling x4  
  31  3:52  Roach  
  31  3:53  Roach  
  35  3:57  Overlord x2  
  35  3:58  Overlord  
  35  4:31  Drone x3  
  36  4:49  Spire  
  35  4:53  Drone x3  
  38  5:05  Hatchery  
  37  5:11  Hatchery  
  36  5:14  Extractor x2  
  36  5:18  Drone  
  36  5:19  Drone  
  36  5:23  Drone x3  
  39  5:51  Drone x2  
  39  5:55  Drone x6  
  47  6:35  Mutalisk x6  
  59  7:03  Zergling x8  
  59  7:04  Zergling x10  
  68  7:12  Drone x3  
  62  8:24  Mutalisk  
  62  8:25  Mutalisk x6  
  66  8:46  Drone x5  
  65  9:01  Hatchery  
  64  9:02  Hatchery  
  64  9:08  Extractor  
  62  9:10  Extractor, Hatchery, Drone  
  62  9:11  Drone  
  62  9:29  Corruptor  
  62  9:30  Corruptor x4  
  58  10:33  Centrifical Hooks  
  58  10:38  Zergling x18  
  67  10:57  Zerg Flyer Weapons Level 1  
  67  11:06  Mutalisk x11  
  89  11:11  Overlord x4  
  89  11:12  Overlord  
  60  12:15  Mutalisk  
  60  12:16  Mutalisk x12  
  86  12:30  Drone  
  86  12:31  Drone x14  
  101  12:49  Infestation Pit  
  100  12:51  Zerg Flyer Armor Level 1  
  100  13:01  Drone x3  
  85  13:57  Mutalisk  
  85  13:58  Mutalisk x13  
  93  14:29  Roach  
  93  14:30  Roach x17  
  129  14:45  Overlord x2  
  129  14:47  Queen  
  105  15:58  Mutalisk  
  105  15:59  Mutalisk x12  
  131  16:24  Mutalisk  
  131  16:25  Mutalisk x3  
  77  17:36  Mutalisk  
  75  17:37  Mutalisk x6  
  75  17:38  Mutalisk  
  91  18:08  Mutalisk x3  
  97  18:16  Zergling x2  
  97  18:17  Zergling x34  
  105  19:46  Mutalisk x9  
  105  19:47  Mutalisk  
  63  22:03  Drone x3  
  30  23:07  Drone x3  
Show
View Real Time Build Order
Export as new Build Order

tigro Terran - Winner!

Build Orders:  

Get SALT Encoding   

  12  0:04  SCV  
  13  0:16  SCV  
  14  0:23  Supply Depot  
  14  0:29  SCV  
  14  0:35  Refinery  
  15  0:45  SCV  
  16  0:57  SCV  
  16  0:58  Barracks  
  17  1:09  SCV  
  18  1:20  Supply Depot  
  18  1:21  SCV  
  19  1:33  SCV  
  20  1:46  Marine  
  21  1:47  Refinery  
  21  2:02  Barracks  
  21  2:04  Marine, SCV  
  23  2:16  SCV  
  23  2:22  Marine  
  25  2:24  Engineering Bay  
  25  2:28  SCV  
  26  2:40  Marine  
  26  2:41  SCV  
  28  2:56  Barracks Tech Lab  
  28  2:57  Factory  
  28  2:58  Marine  
  29  3:11  Command Center  
  29  3:13  Orbital Command  
  29  3:41  Barracks Tech Lab  
  29  3:44  Marauder  
  31  3:50  Missile Turret  
  31  3:54  Combat Shield  
  31  4:03  Stimpack  
  31  4:05  Marauder  
  31  4:07  Factory Tech Lab  
  33  4:14  Missile Turret  
  33  4:40  Armory, Planetary Fortress  
  33  5:10  Terran Infantry Weapons Level 1  
  33  5:13  Concussive Shells  
  33  5:27  Marine  
  34  5:33  Marauder  
  34  5:34  Refinery  
  36  5:44  Marine  
  37  5:52  SCV  
  38  5:57  SCV  
  38  6:02  Marine, Refinery  
  38  6:04  SCV  
  41  6:16  SCV  
  42  6:20  Marine  
  42  6:21  Siege Tank  
  46  6:28  SCV  
  47  6:38  Marine  
  48  6:40  SCV  
  48  6:46  Starport  
  49  7:04  Terran Infantry Armor Level 1  
  49  7:16  Marine  
  49  7:20  Marauder  
  52  7:24  Starport  
  52  7:33  SCV  
  52  7:34  Marine  
  54  7:38  Medivac  
  54  7:41  Marauder  
  58  7:45  SCV  
  59  7:52  Marine  
  59  7:57  SCV  
  61  8:09  SCV  
  62  8:12  Marine  
  62  8:15  Marauder  
  50  8:21  SCV  
  51  8:30  Marine  
  52  8:36  Marauder  
  54  8:44  Thor  
  54  8:46  Supply Depot  
  60  8:48  Marine  
  60  8:52  Starport Tech Lab  
  60  8:54  Starport Tech Lab  
  61  8:58  Neosteel Armor  
  61  9:06  Marine  
  61  9:08  Marauder  
  64  9:10  Fusion Core  
  64  9:17  Viking  
  64  9:24  Marine  
  66  9:28  Cloaking Field  
  66  9:30  Marauder  
  69  9:40  Banshee  
  69  9:42  Marine  
  73  9:47  Banshee  
  73  9:51  Marauder  
  78  9:59  Supply Depot  
  78  10:21  Marauder  
  78  10:22  Supply Depot, Banshee  
  83  10:29  Marauder  
  83  10:32  Terran Vehicle And Ship Armor Level 1  
  85  10:38  Hi-Sec Auto Tracking  
  85  10:39  Banshee  
  88  10:47  Hyperflight Rotors  
  88  11:05  Banshee  
  91  11:18  Missile Turret  
  91  11:22  Banshee  
  47  11:48  Battlecruiser  
  53  12:05  Viking  
  53  12:08  Missile Turret  
  55  12:10  Marine  
  55  12:13  Marauder  
  58  12:26  Terran Vehicle Weapons Level 1  
  58  12:28  Marine  
  58  12:29  Missile Turret  
  59  12:34  Marauder  
  59  12:35  Battlecruiser  
  64  12:45  Marine  
  64  12:48  Corvid Reactor  
  65  12:52  Medivac  
  65  12:56  Marauder  
  69  13:03  Marine, Siege Tank  
  73  13:17  Marauder  
  75  13:21  Marine  
  75  13:23  Battlecruiser  
  75  13:24  Missile Turret  
  82  13:38  Marine  
  82  13:39  Battlecruiser  
  89  13:56  Marine  
  90  14:14  Marine  
  91  14:20  Terran Ship Weapons Level 1  
  91  14:23  Marine  
  92  14:27  Battlecruiser  
  98  14:34  Marine  
  99  14:40  Marine  
  99  14:43  Viking  
  102  14:46  Weapon Refit  
  102  14:52  Marine  
  103  14:58  Marine  
  104  15:09  Marine  
  104  15:13  Viking  
  107  15:16  Marine  
  108  15:27  Marine  
  109  15:34  Marine  
  108  15:43  Viking  
  110  15:55  Marine  
  88  16:13  Viking  
  69  16:56  Command Center  
  69  17:05  Refinery  
  69  17:07  Marine  
  70  17:17  Refinery  
  70  17:25  Marine  
  71  17:43  Marine  
  72  18:01  Marine  
  73  18:19  Marine  
  37  19:08  Planetary Fortress  
  31  19:14  Thor  
  31  19:16  Marine  
  38  19:19  Marauder  
  40  19:34  Marine  
  41  19:41  Marauder  
  43  19:49  Battlecruiser  
  43  19:52  Marine  
  50  20:02  Marauder  
  52  20:09  Marine  
  53  20:23  Marauder  
  53  20:27  Marine  
  56  20:45  Marauder, Marine  
  59  21:06  Marauder  
  61  21:20  Refinery  
  15  22:03  Marine  
  15  22:07  Marauder  
  18  22:11  Battlecruiser  
  24  22:21  Marine  
  25  22:28  Marauder  
  17  22:50  Marauder  
  16  23:11  Marauder  
  22  23:27  Starport Tech Lab  
Show
View Real Time Build Order
Export as new Build Order

llllllllll Zerg 

Build Orders: Pool First 

Get SALT Encoding   

  12  0:05  Drone  
  13  0:08  Drone  
  14  0:18  Overlord  
  14  0:26  Overlord  
  14  0:45  Spawning Pool  
  14  0:48  Drone  
  14  0:58  Drone x2  
  16  1:06  Overlord  
  17  1:11  Drone  
  17  1:17  Extractor  
  16  1:22  Drone  
  17  1:34  Drone  
  17  1:37  Queen  
  20  1:46  Drone  
  21  1:57  Drone  
  23  2:08  Extractor, Drone  
  22  2:20  Zergling x2  
  23  2:24  Lair  
  23  2:27  Drone  
  24  2:44  Overlord  
  24  2:50  Zergling x6  
  27  3:09  Drone x2  
  29  3:20  Drone x2  
  29  3:23  Hatchery  
  30  3:32  Burrow  
  30  3:45  Roach Warren  
  29  3:52  Spire  
  29  3:53  Drone x3  
  31  3:56  Metabolic Boost  
  31  4:16  Drone x2  
  31  4:17  Drone  
  34  4:42  Queen  
  36  4:50  Roach x4  
  36  4:51  Roach  
  46  4:57  Drone  
  46  4:59  Drone x3  
  50  5:18  Drone x2  
  52  5:25  Overlord  
  52  5:26  Overlord  
  52  5:36  Overlord  
  52  5:43  Glial Reconstitution  
  52  5:46  Zerg Flyer Weapons Level 1  
  52  6:00  Infestation Pit  
  51  6:05  Extractor  
  51  6:06  Drone x4  
  51  6:07  Drone x3  
  57  6:17  Drone x2  
  58  6:25  Overlord  
  58  6:27  Mutalisk x3  
  64  6:49  Roach x4  
  72  7:01  Mutalisk  
  72  7:02  Mutalisk  
  72  7:05  Overlord x2  
  76  7:15  Extractor  
  75  7:38  Drone  
  75  7:39  Mutalisk x3  
  82  7:45  Drone x2  
  84  7:57  Hatchery  
  68  8:26  Queen  
  68  8:28  Mutalisk x2  
  68  8:29  Mutalisk x2  
  74  8:51  Spire  
  73  8:56  Roach  
  73  8:57  Roach x7  
  73  8:58  Queen  
  93  9:31  Roach  
  93  9:32  Roach x2  
  93  9:33  Overlord x3  
  93  9:34  Overlord x2  
  97  10:41  Mutalisk x6  
  97  10:42  Mutalisk x4  
  117  10:44  Roach x2  
  121  10:51  Hatchery  
  120  10:59  Tunneling Claws  
  120  11:02  Roach x5  
  120  11:46  Roach x2  
  124  11:47  Overlord x3  
  114  12:12  Overlord x3  
  114  12:14  Overlord, Corruptor  
  114  12:30  Corruptor x3  
  120  12:37  Corruptor  
  120  12:43  Drone x3  
  125  12:45  Corruptor  
  125  12:46  Corruptor x3  
  133  13:01  Mutalisk x2  
  137  13:12  Queen  
  139  13:14  Drone x4  
  143  13:22  Extractor x2  
  119  14:43  Roach  
  119  14:44  Roach x11  
  143  15:03  Roach  
  143  15:04  Overlord, Roach  
  143  15:05  Overlord x4  
  131  16:03  Corruptor x5  
  131  16:04  Corruptor x8  
  129  16:31  Overlord  
  127  16:36  Zergling x10  
  127  16:37  Zergling x4  
  128  17:13  Roach  
  128  17:14  Roach x8  
  140  17:43  Roach x2  
  140  17:44  Roach x4  
  150  17:46  Queen  
  154  18:01  Roach x3  
  154  18:02  Roach x3  
  166  18:06  Queen  
  166  18:08  Overlord  
  168  18:31  Roach x6  
  168  18:32  Roach x3  
  186  18:39  Overlord  
  154  20:30  Spire  
  151  21:00  Hatchery  
  146  21:14  Infestor  
  146  21:15  Infestor x6  
  160  21:37  Spire  
  141  22:18  Mutalisk x2  
  87  23:31  Mutalisk x3  
Show
View Real Time Build Order
Export as new Build Order

InvalidUsern Terran 

Build Orders:  

Get SALT Encoding   

  12  0:07  SCV  
  13  0:19  SCV, Refinery  
  14  0:26  Refinery  
  14  0:43  SCV  
  15  1:18  Supply Depot  
  15  1:40  SCV  
  15  1:41  Supply Depot  
  16  2:04  Supply Depot  
  16  2:05  Barracks  
  16  2:23  SCV  
  16  2:26  Supply Depot  
  17  2:35  SCV  
  18  2:47  SCV  
  19  2:54  Barracks  
  19  2:56  Engineering Bay  
  19  2:58  Marine  
  19  2:59  SCV  
  21  3:11  SCV  
  22  3:16  Marine  
  23  3:32  SCV  
  24  3:44  SCV  
  25  3:49  Bunker  
  25  3:53  Marine  
  26  3:56  SCV  
  26  3:58  Reaper  
  28  4:08  SCV  
  29  4:11  Marine  
  30  4:20  SCV  
  30  4:22  Bunker  
  31  4:29  Marine  
  31  4:30  Reaper  
  33  4:45  Command Center  
  33  5:02  Reaper  
  33  5:05  SCV  
  35  5:17  Refinery, SCV  
  36  5:23  Refinery  
  36  5:29  Marine, SCV  
  36  5:34  Reaper  
  39  5:41  SCV  
  40  5:47  Marine  
  41  5:52  Supply Depot  
  41  5:53  SCV  
  42  6:05  Marine  
  42  6:06  Reaper  
  44  6:12  SCV  
  44  6:15  Supply Depot  
  45  6:23  Marine  
  45  6:24  SCV  
  47  6:36  SCV  
  47  6:38  Reaper  
  48  6:40  Marine  
  47  6:48  SCV  
  48  7:01  SCV  
  49  7:11  Marine, Reaper  
  49  7:13  SCV  
  52  7:24  Factory  
  52  7:25  SCV  
  52  7:29  Marine  
  54  7:37  SCV  
  54  7:42  Marine  
  56  7:47  Marine  
  56  7:49  SCV  
  58  8:00  Marine  
  58  8:05  Marine  
  53  8:09  Factory  
  52  8:18  Marine  
  53  8:22  Marine  
  53  8:26  Bunker  
  54  8:33  Hellion  
  56  8:36  Marine  
  56  8:40  Marine  
  58  8:54  Hellion, Marine  
  58  8:55  Missile Turret  
  61  8:56  Bunker  
  61  8:58  Marine  
  64  9:03  Hellion  
  64  9:11  Marine  
  64  9:15  Hellion  
  64  9:16  Marine  
  68  9:18  Missile Turret  
  70  9:24  Hellion  
  70  9:27  SCV  
  70  9:29  Marine  
  72  9:34  Barracks, Marine  
  72  9:37  Hellion  
  75  9:39  Missile Turret, SCV  
  78  9:45  Hellion  
  78  10:03  Starport  
  78  10:22  Barracks  
  78  10:39  Starport  
  78  10:50  Supply Depot  
  78  11:11  Marine x3, SCV  
  78  11:12  Hellion x2  
  78  11:13  Supply Depot  
  86  11:24  SCV  
  85  11:26  Viking  
  85  11:29  Viking, Marine  
  85  11:31  Marine  
  86  11:34  Marine  
  86  11:35  Hellion x2  
  86  11:36  Supply Depot, SCV  
  92  11:52  Marine  
  93  11:58  Viking  
  93  11:59  Viking  
  93  12:00  Supply Depot  
  97  12:10  Marine  
  88  12:23  Supply Depot  
  88  12:28  Viking, Marine  
  88  12:29  Viking  
  83  12:47  Supply Depot  
  83  12:54  Marine  
  83  12:55  Marine  
  83  12:58  Viking  
  87  12:59  Viking  
  87  13:01  Reaper x2  
  91  13:08  Hellion x2  
  91  13:09  Supply Depot  
  91  13:12  Marine x2  
  96  13:28  Medivac  
  96  13:29  Viking  
  96  13:30  Hellion x2, Reaper x2  
  96  13:33  Marine, Reaper  
  94  13:51  Hellion x2, Marine  
  99  13:58  Medivac  
  99  13:59  Medivac  
  99  14:02  Marine, Reaper  
  104  14:05  Reaper  
  104  14:09  Marine  
  107  14:12  Hellion x2  
  103  14:20  Reaper  
  102  14:27  Reaper  
  102  14:28  Viking  
  102  14:29  Viking  
  107  14:34  Hellion x2, Marine  
  107  14:37  Marine  
  104  14:55  Marine  
  64  15:24  Marine x2  
  64  15:29  Marine x2  
  66  15:42  Marine x2  
  68  15:47  Marine x2  
  58  15:59  Marine  
  58  16:00  Marine  
  60  16:04  Marine  
  60  16:05  Marine  
  62  16:17  Marine x2  
  62  16:22  Marine x2  
  56  16:35  Marine x2  
  47  16:40  Marine x2  
  35  16:58  Marine x2  
  37  17:03  Hellion x2  
  41  17:14  Marine x2  
  43  17:16  Marine x2  
  45  17:24  Hellion x2  
  49  17:32  Marine x2  
  49  17:34  Marine x2  
  53  17:46  Hellion x2  
  53  17:50  Marine x2  
  59  17:51  Marine  
  59  17:52  Marine  
  61  18:07  Hellion x2, Marine  
  61  18:08  Marine  
  61  18:09  Marine x2  
  69  18:25  Marine x2  
  71  18:28  Hellion  
  71  18:29  Hellion  
  59  18:43  Marine x2  
  59  18:46  Viking x2  
  61  19:01  Marine x2  
  61  19:16  Viking x2  
  65  19:22  Marine x2  
  67  19:26  Hellion x2  
  67  19:40  Marine x2  
  69  19:46  Viking x2  
  69  19:47  Hellion x2  
  69  19:49  Marine x2  
  79  19:58  Marine x2  
  81  20:07  Marine x2  
  81  20:09  Hellion x2  
  87  20:16  Viking x2, Marine x2  
  91  20:25  Marine x2  
  93  20:30  Hellion x2  
  93  20:33  Marine  
  93  20:34  Marine  
  83  20:42  Marine  
  83  20:46  Viking x2  
  85  20:51  Hellion x2  
  76  21:09  Marine  
  76  21:10  Marine  
  74  21:27  Marine x2  
  64  21:45  Marine x2  
  57  22:03  Marine x2  
  56  22:21  Marine  
  33  22:41  Marine x2  
  22  22:46  Marine  
  21  22:59  Marine x2  
  21  23:04  Marine  
  24  23:17  Marine x2  
  26  23:21  Marine  
  27  23:34  Marine  
  27  23:35  Marine  
  27  23:39  Marine  
Tags
 
Add a new tag
Caveats
  • Supply blocks, unpowered buildings, or Contaminate may cause inaccurate times.
  • Supply counts are checked every 10 seconds.